[Event "78th GEO-ch Women 1st League 2021"]
[Site "Tbilisi"]
[Date "2021.03.23"]
[Round "6.3"]
[White "Gvatua, Mariam"]
[Black "Gvetadze, Sofio"]
[Result "0-1"]
[ECO "B52"]
[WhiteElo "1343"]
[BlackElo "2317"]
[Annotator "ChessBase"]
[PlyCount "70"]
[EventDate "2021.03.18"]
[EventType "swiss"]
[EventCountry "GEO"]
[SourceTitle "playchess.com"]
[Source "ChessBase"]
[SourceQuality "1"]
[TimeControl "5400+30"]

1. d4 c5 2. d5 g6 3. e4 Bg7 4. Nf3 d6 5. Bb5+ Bd7 6. Bxd7+ Nxd7 7. O-O Ngf6 8. Re1 O-O 9. Bd2 b5 10. c3 Re8 11. Bg5 h6 12. Bh4 Qc7 13. Bg3 Nh5 14. Qc2 Nb6 15. Nbd2 Nxg3 16. hxg3 e6 17. Qb3 a6 18. Nf1 exd5 19. exd5 Qb7 20. Rxe8+ Rxe8 21. Ne3 Re4 22. Qc2 Re7 23. Rd1 h5 24. Nh4 Re5 25. Nf3 Re8 26. Nh4 Kh7 27. Qd3 Qe7 28. Re1 Qf6 29. Qd2 Bh6 30. f3 Nc4 31. Qd3 Rxe3 32. Rxe3 Bxe3+ 33. Kh2 Bg5 34. Kh3 Bxh4 35. gxh4 Qf5+ 0-1

[Event "78th GEO-ch Women 1st League 2021"]
[Site "Tbilisi"]
[Date "2021.03.23"]
[Round "6.4"]
[White "Pipia, Ekaterine"]
[Black "Tsotsonava, Elene"]
[Result "0-1"]
[ECO "B33"]
[WhiteElo "2019"]
[BlackElo "1805"]
[Annotator "NA"]
[PlyCount "134"]
[EventDate "2021.03.18"]
[EventType "swiss"]
[EventCountry "GEO"]
[SourceTitle "playchess.com"]
[Source "ChessBase"]
[SourceQuality "1"]
[TimeControl "5400+30"]

1. e4 c5 2. Nf3 Nc6 3. d4 cxd4 4. Nxd4 Nf6 5. Nc3 e5 6. Ndb5 d6 7. a4 a6 8. Na3 Be7 9. Bc4 O-O 10. O-O Be6 11. f3 Na5 12. Bd5 Qc7 13. Be3 Rac8 14. Qd2 Bxd5 15. Nxd5 Nxd5 16. Qxd5 Nc4 17. Nxc4 Qxc4 18. Qxb7 Rc7 19. Qb6 Rc6 20. Qb3 Qxc2 21. Qd5 Rfc8 22. Rf2 Qc4 23. Qxc4 Rxc4 24. Rd2 g6 25. a5 R8c6 26. Rad1 f5 27. exf5 gxf5 28. Rd3 Kf7 29. Rb3 Ke6 30. Rb8 Rc2 31. b4 Re2 (31... d5 $17 32. Re1 Bd6) 32. b5 axb5 33. Ra1 Rxe3 34. a6 d5 35. a7 Bc5 36. Re8+ Kf6 37. Rf8+ Kg7 38. Rg8+ Kh6 39. Kf1 {[%emt 0:00:23] [#]} Bxa7 $19 40. Rxa7 f4 41. Rgg7 Rc1+ 42. Kf2 Rc2+ 43. Kf1 Rc1+ 44. Kf2 Rce1 45. Rxh7+ Kg6 46. Rhg7+ Kf6 47. Rgf7+ Ke6 48. Rfe7+ Kd6 49. Red7+ Kc5 50. Rac7+ Kb4 51. Rc2 d4 52. g4 Kb3 53. Rd2 Kc3 54. Ra2 b4 55. g5 b3 56. Rc7+ Kd3 57. Rb2 R3e2+ 58. Rxe2 Rxe2+ 59. Kf1 b2 60. Rb7 Rc2 61. h4 Rc1+ 62. Kg2 b1=Q 63. Rxb1 Rxb1 64. h5 Ke3 65. g6 d3 66. g7 d2 67. g8=Q d1=Q 0-1

[Event "78th GEO-ch Women 1st League 2021"]
[Site "Tbilisi"]
[Date "2021.03.23"]
[Round "6.5"]
[White "Javakhishvili, Mariam"]
[Black "Janiashvili, Mariami"]
[Result "0-1"]
[ECO "D43"]
[WhiteElo "1671"]
[BlackElo "1963"]
[Annotator "NA"]
[PlyCount "82"]
[EventDate "2021.03.18"]
[EventType "swiss"]
[EventCountry "GEO"]
[SourceTitle "playchess.com"]
[Source "ChessBase"]
[SourceQuality "1"]
[TimeControl "5400+30"]

1. d4 d5 2. c4 dxc4 3. Nf3 Nf6 4. Nc3 e6 5. Qa4+ c6 6. Qxc4 b5 7. Qb3 a6 8. g3 Bb7 9. Bg2 c5 10. dxc5 Bxc5 11. O-O O-O 12. Bg5 h6 13. Rad1 Qe7 14. Bxf6 Qxf6 15. Nd2 Bxg2 16. Kxg2 Qe7 17. a4 Qb7+ 18. Kg1 b4 19. Nce4 Be7 20. Qf3 Qc6 21. Rc1 Qxa4 22. Nc4 Nd7 23. Rfd1 Rad8 24. b3 Qb5 25. Ned6 Qb8 26. Qc6 Nb6 27. Nxb6 Rxd6 28. Rxd6 Qxd6 29. Nc8 Qd8 30. Nxe7+ Qxe7 31. Qxa6 Rd8 32. Rc8 Kh7 33. Rxd8 Qxd8 34. Qd3+ Qxd3 35. exd3 Kg6 36. Kf1 Kf5 37. f3 Ke5 38. Ke2 Kd4 39. Kd2 g5 40. h3 h5 41. g4 h4 0-1

[Event "78th GEO-ch Women 1st League 2021"]
[Site "Tbilisi"]
[Date "2021.03.23"]
[Round "6.6"]
[White "Esadze, Tamari"]
[Black "Sichinava, Mariam"]
[Result "0-1"]
[ECO "B41"]
[WhiteElo "1889"]
[BlackElo "1516"]
[Annotator "NA"]
[PlyCount "82"]
[EventDate "2021.03.18"]
[EventType "swiss"]
[EventCountry "GEO"]
[SourceTitle "playchess.com"]
[Source "ChessBase"]
[SourceQuality "1"]
[TimeControl "5400+30"]

1. e4 c5 2. Nf3 e6 3. d4 cxd4 4. Nxd4 a6 5. c4 Nf6 6. Nc3 Qc7 7. a3 b6 8. Be3 Bb7 9. Bd3 Bd6 10. h3 Nc6 11. O-O O-O 12. Rc1 Nxd4 13. Bxd4 Bc5 14. Bxc5 bxc5 15. Qe2 d6 16. f4 Nd7 17. Rcd1 Rad8 18. Bb1 Kh8 19. Qc2 f5 20. exf5 exf5 21. Rfe1 Nb8 22. Nd5 Bxd5 23. cxd5 Qf7 24. Re6 Nc6 25. Qc4 Nd4 26. Ree1 Qg6 27. Kh2 Qh6 28. Qc1 Rfe8 29. Qd2 Qh4 30. Ba2 Re4 31. Rxe4 fxe4 32. Bb1 Re8 33. Rf1 e3 34. Qe1 Qh6 35. Bd3 e2 36. Rf2 Qh5 37. f5 Re3 38. f6 gxf6 39. Bb1 Qe5+ 40. Kg1 Qg3 41. Be4 Rxe4 0-1

[Event "78th GEO-ch Women 1st League 2021"]
[Site "Tbilisi"]
[Date "2021.03.23"]
[Round "6.7"]
[White "Mgeladze, Kesaria"]
[Black "Kirtadze, Anastasia"]
[Result "0-1"]
[ECO "B23"]
[WhiteElo "1380"]
[BlackElo "1810"]
[Annotator "NA"]
[PlyCount "118"]
[EventDate "2021.03.18"]
[EventType "swiss"]
[EventCountry "GEO"]
[SourceTitle "playchess.com"]
[Source "ChessBase"]
[SourceQuality "1"]
[TimeControl "5400+30"]

1. e4 e6 2. Nc3 c5 3. g3 d5 4. Bg2 dxe4 5. Nxe4 Be7 6. d3 Nf6 7. Nxf6+ Bxf6 8. Nf3 O-O 9. O-O Nc6 10. c3 Qe7 11. Be3 Rd8 12. Qe2 Bd7 13. Rfd1 Be8 14. Rd2 e5 15. Rad1 Bd7 16. h3 Be6 17. b3 a5 18. d4 e4 19. Nh2 cxd4 20. cxd4 Bd5 21. Ng4 a4 22. h4 h6 23. bxa4 Rxa4 24. Qb5 Ra5 25. Qb1 Re8 26. Rb2 Na7 27. Rb6 Nc6 28. Rxb7 Qd8 29. Rb2 Be7 30. Ne5 Ba3 31. Rbd2 Nb4 32. Bxe4 Bxe4 33. Qxe4 f6 34. Nc6 Qd7 35. Qxe8+ Qxe8 36. Nxa5 Nd5 37. Nc4 Bb4 38. Rb2 Qh5 39. Rdb1 Bc3 40. Rb8+ Kh7 41. R8b7 Qf3 42. Rd7 Nb4 43. Nd2 Qf5 44. Rb7 Bxd2 45. R7xb4 Bxb4 46. Rxb4 Qa5 47. Rb2 Kg6 48. Rd2 Qd5 49. Rc2 Qa5 50. Rd2 Qd5 51. a4 Kf5 52. Rb2 Kg4 53. Kh2 Kf3 54. Rb1 g5 55. h5 Qf7 56. Rh1 f5 57. Kg1 f4 58. Bc1 Qc4 59. Bb2 Qe2 0-1

[Event "78th GEO-ch Women 1st League 2021"]
[Site "Tbilisi"]
[Date "2021.03.23"]
[Round "6.8"]
[White "Bedoshvili, Dea"]
[Black "Oniani, Tamar"]
[Result "0-1"]
[ECO "A97"]
[WhiteElo "1667"]
[BlackElo "1604"]
[Annotator "NA"]
[PlyCount "74"]
[EventDate "2021.03.18"]
[EventType "swiss"]
[EventCountry "GEO"]
[SourceTitle "playchess.com"]
[Source "ChessBase"]
[SourceQuality "1"]
[TimeControl "5400+30"]

1. d4 e6 2. Nf3 f5 3. g3 Nf6 4. Bg2 Be7 5. O-O O-O 6. c4 d6 7. Nc3 Qe8 8. Re1 Nbd7 9. e4 fxe4 10. Ng5 Nb6 11. Ncxe4 Nxe4 12. Bxe4 h6 13. Nh7 Rf7 14. Bg6 Nxc4 15. Qh5 d5 16. b3 Nd6 17. Bf4 Nf5 18. Be5 Bb4 19. Rec1 c6 20. g4 Ne7 21. g5 Bd2 22. gxh6 Bxh6 23. Ng5 Nxg6 24. Nxf7 Qxf7 25. Rc3 Nxe5 26. Qxe5 Bf4 27. Qe2 e5 28. dxe5 Qg6+ 29. Kh1 Qe4+ 30. Qxe4 dxe4 31. Rc4 Bxe5 32. Re1 Bg4 33. Kg1 Bf3 34. Re3 Rd8 35. Re1 Rd6 36. Rc5 Rg6+ 37. Kf1 Bxh2 0-1

[Event "78th GEO-ch Women 1st League 2021"]
[Site "Tbilisi"]
[Date "2021.03.23"]
[Round "6.9"]
[White "Sordia, Marta"]
[Black "Tasoshvili, Tamar"]
[Result "1/2-1/2"]
[ECO "B01"]
[WhiteElo "1226"]
[BlackElo "1528"]
[Annotator "NA"]
[PlyCount "80"]
[EventDate "2021.03.18"]
[EventType "swiss"]
[EventCountry "GEO"]
[SourceTitle "playchess.com"]
[Source "ChessBase"]
[SourceQuality "1"]
[TimeControl "5400+30"]

1. e4 d5 2. exd5 Qxd5 3. Nc3 Qd6 4. d4 c6 5. Nf3 Nf6 6. h3 Bf5 7. Bd3 Bg6 8. O-O e6 9. Be3 Nbd7 10. Qd2 Qc7 11. Bf4 Bd6 12. Bxd6 Qxd6 13. Rfe1 O-O 14. Bxg6 hxg6 15. Ne4 Nxe4 16. Rxe4 Nf6 17. Ree1 Rad8 18. Rad1 Qc7 19. Qe2 Qf4 20. Qe5 Qf5 21. Qxf5 gxf5 22. Ne5 Nd5 23. c3 f6 24. Nd3 Rfe8 25. g3 Kf7 26. Kg2 b6 27. f4 a5 28. a3 Nc7 29. g4 fxg4 30. hxg4 Nb5 31. a4 Nd6 32. b3 Rh8 33. Nf2 Rh4 34. Rh1 Rdh8 35. Rxh4 Rxh4 36. Kg3 Rh8 37. Re1 b5 38. Nd3 Nb7 39. axb5 cxb5 40. Rc1 Rd8 1/2-1/2

[Event "78th GEO-ch Women 1st League 2021"]
[Site "Tbilisi"]
[Date "2021.03.23"]
[Round "6.10"]
[White "Mamardashvili, Ana"]
[Black "Dolakidze, Mariam"]
[Result "0-1"]
[ECO "A84"]
[WhiteElo "1416"]
[BlackElo "1416"]
[Annotator "NA"]
[PlyCount "84"]
[EventDate "2021.03.18"]
[EventType "swiss"]
[EventCountry "GEO"]
[SourceTitle "playchess.com"]
[Source "ChessBase"]
[SourceQuality "1"]
[TimeControl "5400+30"]

1. d4 e6 2. c4 f5 3. Nc3 d5 4. Bf4 c6 5. e3 Bd6 6. Bxd6 Qxd6 7. Nf3 Nf6 8. Be2 O-O 9. O-O Bd7 10. c5 Qc7 11. b4 b6 12. a4 a5 13. cxb6 Qxb6 14. b5 cxb5 15. axb5 Ne4 16. Na4 Qb7 17. Qd3 Be8 18. Nc5 Qb6 19. Rfc1 Nd7 20. Nxd7 Bxd7 21. Ne5 Be8 22. Nc6 Nd6 23. Qb3 Rf7 24. Qa4 Rc7 25. h3 h6 26. Rab1 Kh8 27. Qa3 Ne4 28. Qf8+ Kh7 29. Ne7 Nf6 30. Bh5 Rb8 31. Rxc7 Qxc7 32. b6 Qb7 33. Ng8 Nxh5 34. g4 Bg6 35. Qe7 fxg4 36. Rb2 Kxg8 37. Qxe6+ Kh7 38. hxg4 Nf6 39. f4 Re8 40. Qd6 Nxg4 41. Rg2 h5 42. Rc2 Bxc2 0-1

[Event "78th GEO-ch Women 1st League 2021"]
[Site "Tbilisi"]
[Date "2021.03.23"]
[Round "6.11"]
[White "Antia, Sopia"]
[Black "Mkrtchyan, Aida"]
[Result "1-0"]
[ECO "C08"]
[WhiteElo "1594"]
[BlackElo "1156"]
[Annotator "NA"]
[PlyCount "71"]
[EventDate "2021.03.18"]
[EventType "swiss"]
[EventCountry "GEO"]
[SourceTitle "playchess.com"]
[Source "ChessBase"]
[SourceQuality "1"]
[TimeControl "5400+30"]

1. e4 e6 2. d4 d5 3. Nd2 c5 4. exd5 exd5 5. Bb5+ Bd7 6. Bxd7+ Nxd7 7. Ne2 Bd6 8. O-O Ne7 9. dxc5 Bxc5 10. Nb3 Bd6 11. Nf4 Nb6 12. Be3 Be5 13. Nd3 Bd6 14. Nd4 O-O 15. Qg4 f5 16. Qh3 Qe8 17. Bf4 Bxf4 18. Nxf4 Rf6 19. Rfe1 Qd7 20. Rad1 Nc6 21. Nde6 Re8 22. Nxg7 Rxe1+ 23. Rxe1 Qxg7 24. Nh5 Qh6 25. Nxf6+ Qxf6 26. Qg3+ Qg7 27. Qf4 Qxb2 28. Qxf5 Kg7 29. Qg5+ Kf7 30. Qf4+ Kg6 31. Re6+ Kg7 32. Qc7+ Kf8 33. g3 Qc1+ 34. Kg2 Qg5 35. Qxh7 Ne7 36. h4 1-0

[Event "78th GEO-ch Women 1st League 2021"]
[Site "Tbilisi"]
[Date "2021.03.24"]
[Round "7.4"]
[White "Tsotsonava, Elene"]
[Black "Kirtadze, Anastasia"]
[Result "1-0"]
[ECO "C04"]
[WhiteElo "1805"]
[BlackElo "1810"]
[Annotator "NA RC"]
[PlyCount "121"]
[EventDate "2021.03.18"]
[EventType "swiss"]
[EventCountry "GEO"]
[SourceTitle "playchess.com"]
[Source "ChessBase"]
[SourceQuality "1"]
[TimeControl "5400+30"]

1. e4 e6 2. d4 d5 3. Nd2 Nc6 4. Ngf3 Nf6 5. Bd3 Nb4 6. e5 Nxd3+ 7. cxd3 Nd7 8. O-O Be7 9. Nb3 O-O 10. Be3 f6 11. exf6 Bxf6 12. Re1 a5 13. a4 e5 14. dxe5 Nxe5 15. Nxe5 Bxe5 16. Bc5 Re8 17. d4 Bf6 18. Qh5 Be6 19. Re3 b6 20. Ba3 Qd7 21. Rae1 Bf7 22. Qf3 Rxe3 23. Rxe3 Qxa4 24. Be7 Qc6 25. h3 a4 26. Rc3 Qe6 27. Re3 Qxe7 28. Rxe7 Bxe7 29. Nc1 b5 30. Qc3 b4 31. Qxc7 Re8 32. Nd3 a3 33. bxa3 bxa3 34. Ne5 Bg6 35. Qa5 Bf7 36. Nxf7 Kxf7 37. Qxd5+ Kf8 38. Qf3+ Kg8 39. Qb3+ Kf8 40. g3 Bd6 41. Kg2 g6 42. Qb6 Be7 43. d5 Rd8 44. Qa5 Rb8 45. Kf3 Kf7 46. Qa7 $18 Rd8 47. Ke4 Kf6 48. Qa6+ Rd6 49. Qa5 Rd7 50. f4 Bd6 51. Qa6 Ke7 52. f5 gxf5+ 53. Kxf5 Rc7 54. Qe2+ Kd8 55. Qe6 Rd7 56. Qg8+ Kc7 57. Qa8 Rf7+ 58. Ke6 Re7+ 59. Kf6 Rd7 60. Qc6+ Kd8 61. Ke6 1-0

[Event "78th GEO-ch Women 1st League 2021"]
[Site "Tbilisi"]
[Date "2021.03.24"]
[Round "7.5"]
[White "Sichinava, Mariam"]
[Black "Oniani, Tamar"]
[Result "0-1"]
[ECO "A09"]
[WhiteElo "1516"]
[BlackElo "1604"]
[Annotator "NA RC"]
[PlyCount "74"]
[EventDate "2021.03.18"]
[EventType "swiss"]
[EventCountry "GEO"]
[SourceTitle "playchess.com"]
[Source "ChessBase"]
[SourceQuality "1"]
[TimeControl "5400+30"]

1. Nf3 Nf6 2. g3 d5 3. Bg2 c5 4. c4 d4 5. O-O Nc6 6. e3 e6 7. exd4 Nxd4 8. Nxd4 Qxd4 9. Nc3 Be7 10. d3 O-O 11. Be3 Qd8 12. Qc2 Ng4 13. Bf4 g5 14. Qe2 Nxh2 15. Kxh2 gxf4 16. Qg4+ Kh8 17. Qxf4 Bd6 18. Qh6 f5 19. Nb5 Be5 20. Qe3 Bxb2 21. Rab1 f4 22. Qxc5 Bg7 23. Be4 e5 24. d4 Qg5 25. d5 Qh5+ 26. Kg1 f3 27. Qe3 Bg4 28. Rb3 Qh3 29. Bxf3 Bxf3 30. Qxf3 Rxf3 31. Rxf3 Qd7 32. Rd3 a6 33. Nc3 Rc8 34. Rb1 Rxc4 35. d6 e4 36. Nxe4 Rxe4 37. Rc1 Bd4 0-1

[Event "78th GEO-ch Women 1st League 2021"]
[Site "Tbilisi"]
[Date "2021.03.24"]
[Round "7.7"]
[White "Sordia, Marta"]
[Black "Antia, Sopia"]
[Result "1/2-1/2"]
[ECO "B32"]
[WhiteElo "1226"]
[BlackElo "1594"]
[Annotator "NA RC"]
[PlyCount "86"]
[EventDate "2021.03.18"]
[EventType "swiss"]
[EventCountry "GEO"]
[SourceTitle "playchess.com"]
[Source "ChessBase"]
[SourceQuality "1"]
[TimeControl "5400+30"]

1. e4 c5 2. Nf3 Nc6 3. d4 cxd4 4. Nxd4 e5 5. Nb5 a6 6. Nd6+ Bxd6 7. Qxd6 Qf6 8. Qxf6 Nxf6 9. Nc3 Nb4 10. Bd3 h6 11. O-O Nxd3 12. cxd3 d6 13. f3 Be6 14. Be3 O-O 15. d4 b5 16. d5 Bc8 17. b4 Bb7 18. Rfc1 Rac8 19. Ne2 Nd7 20. Rxc8 Rxc8 21. Rc1 Rxc1+ 22. Nxc1 f5 23. Ne2 fxe4 24. fxe4 Kf7 25. h3 Ke8 26. Nc3 Nf6 27. Kf2 Bc8 28. Kf3 Bd7 29. a3 Ke7 30. Bd2 Be8 31. g4 Kf7 32. Be3 Bd7 33. Nd1 g5 34. Nf2 Kg6 35. Bb6 h5 36. Bd8 hxg4+ 37. hxg4 Kf7 38. Bxf6 Kxf6 39. Nh1 Ke7 40. Ng3 Kd8 41. Nf5 Kc7 42. Nh6 Be8 43. Nf5 Bd7 1/2-1/2

[Event "78th GEO-ch Women 1st League 2021"]
[Site "Tbilisi"]
[Date "2021.03.24"]
[Round "7.8"]
[White "Tasoshvili, Tamar"]
[Black "Mgeladze, Kesaria"]
[Result "0-1"]
[ECO "E90"]
[WhiteElo "1528"]
[BlackElo "1380"]
[Annotator "NA RC"]
[PlyCount "84"]
[EventDate "2021.03.18"]
[EventType "swiss"]
[EventCountry "GEO"]
[SourceTitle "playchess.com"]
[Source "ChessBase"]
[SourceQuality "1"]
[TimeControl "5400+30"]

1. d4 Nf6 2. Nf3 g6 3. c4 Bg7 4. Nc3 O-O 5. e4 d6 6. h3 e5 7. d5 a5 8. Be3 Na6 9. Bd3 Nd7 10. a3 Nac5 11. O-O f5 12. Bxc5 Nxc5 13. Qc2 fxe4 14. Bxe4 Nxe4 15. Qxe4 Rf4 16. Qe2 g5 17. Nh2 Bd7 18. f3 h5 19. g4 Qe7 20. Ne4 h4 21. Rfd1 Raf8 22. Kg2 Be8 23. Rac1 Bg6 24. Rf1 Bh6 25. b4 axb4 26. axb4 Qh7 27. Rce1 Ra8 28. c5 Ra3 29. cxd6 Bxe4 30. dxc7 Qxc7 31. fxe4 Rg3+ 32. Kh1 Rxh3 33. Rxf4 gxf4 34. Qb5 f3 35. Qf1 Rg3 36. Nxf3 Qc3 37. Nh2 Bf4 38. Re2 Rh3 39. Rg2 Qxb4 40. Re2 Qc3 41. Rg2 Qe3 42. Re2 Qd3 0-1

[Event "78th GEO-ch Women 1st League 2021"]
[Site "Tbilisi"]
[Date "2021.03.24"]
[Round "7.9"]
[White "Dolakidze, Mariam"]
[Black "Gvatua, Mariam"]
[Result "1/2-1/2"]
[ECO "D02"]
[WhiteElo "1416"]
[BlackElo "1343"]
[Annotator "NA RC"]
[PlyCount "64"]
[EventDate "2021.03.18"]
[EventType "swiss"]
[EventCountry "GEO"]
[SourceTitle "playchess.com"]
[Source "ChessBase"]
[SourceQuality "1"]
[TimeControl "5400+30"]

1. Nf3 d5 2. g3 Nc6 3. d4 Bg4 4. Bg2 Qd7 5. h3 Bxf3 6. Bxf3 O-O-O 7. e3 e5 8. dxe5 Nxe5 9. Bg2 Nf6 10. b3 Bb4+ 11. Bd2 Bxd2+ 12. Nxd2 d4 13. e4 Rhe8 14. O-O Ng6 15. Re1 Qb5 16. Qe2 Qxe2 17. Rxe2 c5 18. Nc4 Ne5 19. Nxe5 Rxe5 20. f4 Ree8 21. e5 Nd5 22. Bxd5 Rxd5 23. Rae1 Kd7 24. a3 a6 25. a4 a5 26. Kf2 b6 27. Rd2 h6 28. h4 Kc6 29. Kf3 h5 30. Ree2 g6 31. Kf2 Re6 32. Rd1 Re7 1/2-1/2

[Event "78th GEO-ch Women 1st League 2021"]
[Site "Tbilisi"]
[Date "2021.03.24"]
[Round "7.10"]
[White "Esadze, Tamari"]
[Black "Bedoshvili, Dea"]
[Result "1-0"]
[ECO "B06"]
[WhiteElo "1889"]
[BlackElo "1667"]
[Annotator "NA RC"]
[PlyCount "77"]
[EventDate "2021.03.18"]
[EventType "swiss"]
[EventCountry "GEO"]
[SourceTitle "playchess.com"]
[Source "ChessBase"]
[SourceQuality "1"]
[TimeControl "5400+30"]

1. e4 g6 2. d4 Bg7 3. Nc3 d6 4. Nf3 Nd7 5. Bc4 e6 6. O-O a6 7. a4 Ne7 8. Be3 O-O 9. Qd2 c5 10. dxc5 dxc5 11. Qd6 Qb6 12. Qxb6 Nxb6 13. Bb3 Nd7 14. a5 Nc6 15. Rfd1 Bf6 16. Ba4 Be7 17. Bxc6 bxc6 18. Na4 e5 19. Nb6 Nxb6 20. axb6 Rb8 21. Nxe5 Rxb6 22. Nd7 Bxd7 23. Rxd7 Re8 24. Rxe7 Rxe7 25. Bxc5 Reb7 26. Bxb6 Rxb6 27. b3 Kg7 28. Kf1 Kf6 29. Ra5 Ke6 30. Ke2 f6 31. Kd3 Kd6 32. Kc4 Rb8 33. Rxa6 Re8 34. Kd4 h5 35. c4 Rb8 36. c5+ Kd7 37. Kc4 Re8 38. Ra7+ Ke6 39. Rc7 1-0

[Event "78th GEO-ch Women 1st League 2021"]
[Site "Tbilisi"]
[Date "2021.03.24"]
[Round "7.11"]
[White "Mkrtchyan, Aida"]
[Black "Mamardashvili, Ana"]
[Result "0-1"]
[ECO "C50"]
[WhiteElo "1156"]
[BlackElo "1416"]
[Annotator "NA RC"]
[PlyCount "78"]
[EventDate "2021.03.18"]
[EventType "swiss"]
[EventCountry "GEO"]
[SourceTitle "playchess.com"]
[Source "ChessBase"]
[SourceQuality "1"]
[TimeControl "5400+30"]

1. e4 e5 2. Nf3 Nc6 3. d4 exd4 4. Bc4 Be7 5. c3 d3 6. Qxd3 d6 7. O-O Nf6 8. Bb5 Bd7 9. Bf4 O-O 10. Nbd2 a6 11. Ba4 Ne5 12. Qc2 Ng6 13. Bg3 b5 14. Bb3 c5 15. c4 Nh5 16. Qd3 Nxg3 17. fxg3 Qc7 18. cxb5 axb5 19. Bd5 Rac8 20. h4 c4 21. Qe2 Qc5+ 22. Kh1 Bg4 23. Rac1 Ne5 24. Nb3 Qa7 25. Nbd4 Qxd4 26. Nxd4 Bxe2 27. Nxe2 Nd3 28. Rb1 Bf6 29. Nc3 b4 30. Nb5 Be5 31. g4 c3 32. bxc3 bxc3 33. a4 c2 34. a5 cxb1=Q 35. Rxb1 Nc5 36. Na3 Rb8 37. Rf1 Rb4 38. g5 Nxe4 39. Nc4 Ng3+ 0-1

[Event "78th GEO-ch Women 1st League 2021"]
[Site "Tbilisi"]
[Date "2021.03.25"]
[Round "8.5"]
[White "Oniani, Tamar"]
[Black "Esadze, Tamari"]
[Result "0-1"]
[ECO "D50"]
[WhiteElo "1604"]
[BlackElo "1889"]
[Annotator "NA RC"]
[PlyCount "66"]
[EventDate "2021.03.18"]
[EventType "swiss"]
[EventCountry "GEO"]
[SourceTitle "playchess.com"]
[Source "ChessBase"]
[SourceQuality "1"]
[TimeControl "5400+30"]

1. d4 d5 2. c4 e6 3. Nc3 Nf6 4. Bg5 Bb4 5. Qa4+ Nc6 6. e3 O-O 7. Nf3 h6 8. Bh4 g5 9. Bg3 Ne4 10. Qc2 f5 11. a3 Bxc3+ 12. bxc3 Ne7 13. Ne5 Qe8 14. f3 Nf6 15. c5 b6 16. cxb6 cxb6 17. a4 Bd7 18. h4 g4 19. Bf4 Kg7 20. h5 Rg8 21. fxg4 Ne4 22. Bd3 Kh7 23. gxf5 exf5 24. g4 Rc8 25. c4 Nc6 26. Nxd7 Qxd7 27. Rb1 Rxg4 28. Rb5 Nxd4 29. exd4 Rxf4 30. Qh2 Nf2 31. Kd2 Nxd3 32. Kxd3 dxc4+ 33. Kc2 Qxd4 0-1

[Event "78th GEO-ch Women 1st League 2021"]
[Site "Tbilisi"]
[Date "2021.03.25"]
[Round "8.6"]
[White "Mgeladze, Kesaria"]
[Black "Sichinava, Mariam"]
[Result "0-1"]
[ECO "B22"]
[WhiteElo "1380"]
[BlackElo "1516"]
[Annotator "NA RC"]
[PlyCount "84"]
[EventDate "2021.03.18"]
[EventType "swiss"]
[EventCountry "GEO"]
[SourceTitle "playchess.com"]
[Source "ChessBase"]
[SourceQuality "1"]
[TimeControl "5400+30"]

1. e4 c5 2. Nf3 e6 3. c3 Nf6 4. e5 Nd5 5. d4 cxd4 6. cxd4 d6 7. Bc4 Nb6 8. Bd3 Nc6 9. a3 Be7 10. O-O O-O 11. Qe2 Nd5 12. Bd2 b6 13. Qe4 g6 14. Nc3 dxe5 15. dxe5 Bb7 16. Qe2 Nxc3 17. Bxc3 Qc7 18. Rac1 Rfd8 19. Rfd1 Rac8 20. Bb4 Bxb4 21. axb4 Qe7 22. b5 Nb4 23. Bb1 Nd5 24. Be4 Qb4 25. Rxc8 Rxc8 26. Ng5 Kg7 27. Qf3 Qe7 28. Nh3 Rc5 29. Nf4 Rxb5 30. Bxd5 Bxd5 31. Qc3 Qb4 32. Qg3 Qb3 33. Qg4 Rb4 34. Nh5+ Kf8 35. Qe2 gxh5 36. Qxh5 Qc2 37. Qh6+ Ke8 38. Rc1 Qg6 39. Rc8+ Kd7 40. Rd8+ Kc7 41. Rc8+ Kxc8 42. Qf8+ Kb7 0-1

[Event "78th GEO-ch Women 1st League 2021"]
[Site "Tbilisi"]
[Date "2021.03.25"]
[Round "8.7"]
[White "Kirtadze, Anastasia"]
[Black "Dolakidze, Mariam"]
[Result "1/2-1/2"]
[ECO "A90"]
[WhiteElo "1810"]
[BlackElo "1416"]
[Annotator "NA RC"]
[PlyCount "112"]
[EventDate "2021.03.18"]
[EventType "swiss"]
[EventCountry "GEO"]
[SourceTitle "playchess.com"]
[Source "ChessBase"]
[SourceQuality "1"]
[TimeControl "5400+30"]

1. c4 f5 2. g3 e6 3. Bg2 d5 4. cxd5 exd5 5. d4 Nf6 6. Nc3 Ne4 7. Nh3 c6 8. O-O Bd6 9. Bf4 O-O 10. Bxd6 Qxd6 11. f3 Nxc3 12. bxc3 Nd7 13. e4 fxe4 14. fxe4 dxe4 15. Rxf8+ Nxf8 16. Ng5 Be6 17. Nxe4 Qc7 18. Qh5 Bf7 19. Qg5 Ne6 20. Qg4 Kh8 21. Rf1 Bg8 22. Bh3 Rf8 23. Rxf8 Nxf8 24. Qh4 Bxa2 25. Bf5 Bg8 26. Nc5 b6 27. Nd3 a5 28. Ne5 a4 29. c4 c5 30. Qf4 Qe7 31. d5 g5 32. Qe3 Kg7 33. Ng4 Qxe3+ 34. Nxe3 Bf7 35. Kf2 Bg6 36. Bxg6 Kxg6 37. Ke2 a3 38. Nc2 a2 39. Ke3 Kf5 40. Kd3 h5 41. Kc3 Ke4 42. Kb2 Kd3 $19 43. Na3 h4 44. gxh4 gxh4 45. Kxa2 h3 46. Kb3 Ke2 47. Nb1 Kf2 48. Nd2 Kg2 49. Ne4 Kxh2 50. Ng5 Kg3 51. Nxh3 Kxh3 52. Ka4 Kg4 53. Kb5 Nd7 54. Kc6 Ne5+ 55. Kxb6 Nxc4+ 56. Kxc5 Ne5 1/2-1/2

[Event "78th GEO-ch Women 1st League 2021"]
[Site "Tbilisi"]
[Date "2021.03.25"]
[Round "8.8"]
[White "Antia, Sopia"]
[Black "Javakhishvili, Mariam"]
[Result "1-0"]
[ECO "B22"]
[WhiteElo "1594"]
[BlackElo "1671"]
[Annotator "NA RC"]
[PlyCount "33"]
[EventDate "2021.03.18"]
[EventType "swiss"]
[EventCountry "GEO"]
[SourceTitle "playchess.com"]
[Source "ChessBase"]
[SourceQuality "1"]
[TimeControl "5400+30"]

1. e4 c5 2. Nf3 e6 3. c3 d6 4. d4 cxd4 5. cxd4 g6 6. Bg5 f6 7. Bd2 Bg7 8. Nc3 Ne7 9. Bb5+ Bd7 10. Qb3 O-O 11. Bc4 Kf7 12. Nb5 Bc8 13. Bb4 Nbc6 14. Nxd6+ Kg8 15. Bxe6+ Bxe6 16. Qxe6+ Kh8 17. Bc3 1-0

[Event "78th GEO-ch Women 1st League 2021"]
[Site "Tbilisi"]
[Date "2021.03.25"]
[Round "8.9"]
[White "Gvatua, Mariam"]
[Black "Sordia, Marta"]
[Result "1-0"]
[ECO "E11"]
[WhiteElo "1343"]
[BlackElo "1226"]
[Annotator "NA"]
[PlyCount "65"]
[EventDate "2021.03.18"]
[EventType "swiss"]
[EventCountry "GEO"]
[SourceTitle "playchess.com"]
[Source "ChessBase"]
[SourceQuality "1"]
[TimeControl "5400+30"]

1. d4 d5 2. c4 e6 3. Nf3 Nf6 4. g3 Bb4+ 5. Bd2 Qe7 6. Nc3 O-O 7. Bg2 c6 8. cxd5 exd5 9. O-O Bf5 10. Re1 Ne4 11. Nxe4 Bxe4 12. Qb3 Na6 13. a3 Bxd2 14. Nxd2 c5 15. Nxe4 dxe4 16. d5 b6 17. Rad1 Rad8 18. Qc4 Nc7 19. Qxe4 Qd6 20. Qa4 a6 21. e4 b5 22. Qc2 f6 23. Rc1 c4 24. a4 Rc8 25. Bh3 Rce8 26. axb5 axb5 27. b3 f5 28. Bxf5 cxb3 29. Qxb3 g6 30. Bh3 Kg7 31. Qc3+ Qf6 32. Qxf6+ Rxf6 33. Rxc7+ 1-0